 Dungeon Crawl Stone Soup version 0.30-a0-137-gd8773701ce (webtiles) character file.

Game seed: 1956381965883132388

15 Engwar the Caller (level 2, 0/11 HPs)
             Began as a Felid Summoner on Sept 23, 2022.
             Slain by a jackal (2 damage)
             ... on level 1 of the Dungeon.
             The game lasted 00:02:10 (408 turns).

Engwar the Caller (Felid Summoner)                   Turns: 408, Time: 00:02:11

Health: 0/11       AC:  1    Str:  4    XL:     2   Next: 34%
Magic:  4/6        EV: 17    Int: 16    God:
Gold:   9          SH:  0    Dex: 16    Spells: 4/5 levels left
                                        Lives:  0   Deaths: 0

rFire   . . .      SeeInvis +    (weapon unavailable)
rCold   . . .      Faith    .    (shield unavailable)
rNeg    . . .      Spirit   .    (body armour unavailable)
rPois   .          Reflect  .    (helmet unavailable)
rElec   .          Harm     .    (cloak unavailable)
rCorr   .          Rampage  .    (gloves unavailable)
Will    .....                    (boots unavailable)
Stlth   ++........               (no amulet)
HPRegen 0.03/turn                (no ring)
MPRegen 0.10/turn                (no ring)

@: quick
A: very small, claws 1, fangs 3, see invisible, speed 1, shaggy fur 1, stealthy
paws, no weapons or thrown items, no armour, multi-lived
a: no special abilities


You were on level 1 of the Dungeon.
You visited 1 branch of the dungeon, and saw 1 of its levels.

You collected 9 gold pieces.

Inventory:

Potions
 a - a potion of magic
 b - 2 potions of flight {unknown}


   Skills:
 - Level 2.6 Dodging
 - Level 2.6 Stealth
 + Level 2.4 Spellcasting
 + Level 4.3 Summonings


You had 4 spell levels left.
You knew the following spells:

 Your Spells              Type           Power      Damage    Failure   Level
a - Summon Small Mammal   Summ           60%        N/A       3%          1

Your spell library contained the following spells:

 Spells                   Type           Power      Damage    Failure   Level
 Call Imp                 Summ           15%        N/A       4%          2
 Call Canine Familiar     Summ           15%        N/A       10%         3
 Summon Guardian Golem    Hex/Summ       8%         N/A       24%         3
 Summon Lightning Spire   Summ/Air       8%         N/A       63%         4


Dungeon Overview and Level Annotations

Branches:
Dungeon (1/15)

Altars:


Innate Abilities, Weirdness & Mutations

You have sharp claws.
You have razor-sharp teeth.
You have supernaturally acute eyesight. (SInv)
You cover ground quickly. (Speed+)
You are covered in fur. (AC +1)
Your paws help you pounce on unaware monsters.
You are incapable of wielding weapons or throwing items.
You cannot wear armour.
You gain extra lives every three experience levels.


Message History

Your quokka dies!
Your quokka's corpse disappears in a puff of smoke!
The jackal bites you.
You scratch the jackal but do no damage.
You bite the jackal.
The jackal is heavily wounded.
Your bat hits the jackal but does no damage.
The jackal barely misses you.
Your bat barely misses the jackal.
You scratch the jackal. You bite the jackal, but do no damage.
The jackal is heavily wounded.
Your bat barely misses the jackal.
The jackal bites you but does no damage.
The jackal bites you. The jackal barely misses you.
Your bat hits the jackal. The jackal closely misses your bat.
The jackal bites you.
* * * LOW HITPOINT WARNING * * *
You see here a +0 club.
The jackal attacks as you move away! The jackal barely misses you.
Your bat closely misses the jackal.
Your bat hits the jackal but does no damage.
The jackal misses your bat.
Your bat closely misses the jackal.
The jackal closely misses your bat.
Your bat barely misses the jackal.
The jackal misses you.
Your bat misses the jackal. Your bat misses the jackal.
Your bat closely misses the jackal. x2; The jackal barely misses your bat.
The jackal attacks as you move away! The jackal misses you.
Your bat closely misses the jackal.
Your bat barely misses the jackal.
You are too injured to fight recklessly!
Casting: Summon Small Mammal (safe; 3% risk of failure)
Confirm with . or Enter, or press ? or * to list all spells.
Your bat barely misses the jackal.
The jackal bites you.
* * * LOW HITPOINT WARNING * * *
The jackal closely misses you.
Your bat misses the jackal.
Casting: Summon Small Mammal (safe; 3% risk of failure)
Confirm with . or Enter, or press ? or * to list all spells.
Your rat disappears in a puff of smoke!
Your bat hits the jackal. Your bat misses the jackal.
The jackal barely misses your bat. The jackal bites you.
You die...

.#### #.#
....#########.#
..............## .#.
()........).#..# . .#..
##+########...[# . #..
##....##...# .##.#
#.##.####.##h.# #....
#.#.##..##.#b.####.#.#
+.#.#.##.#.#.hh@.#.#)#
#.#.##>#.#.#.§##.r.#.#
#.##.###.#.#..###....#
#.###...##.#...#..#.†#
#.# ######.#...#.##..##
##'## ##.##.....##...#
#...#
##.##..##..##.#.###
#.<.#
##.###..)#..#..#...####
#...###.##
#........####....#


You could see 3 jackals, a friendly quokka (summoned) and a friendly bat
(summoned).

Vanquished Creatures
  A ball python (D:1)
1 creature vanquished.

Vanquished Creatures (collateral kills)
  2 endoplasms (D:1)
  3 giant cockroaches (D:1)
  3 goblins (D:1)
  A hobgoblin (D:1)
  A jackal (D:1)
  A frilled lizard (D:1)
11 creatures vanquished.

Grand Total: 12 creatures vanquished

Notes
Turn   | Place    | Note
-------+----------+-------------------------------------------
     0 | D:1      | Engwar the Felid Summoner began the quest for the Orb.
     0 | D:1      | Reached XP level 1. HP: 7/7 MP: 4/4
   304 | D:1      | Reached XP level 2. HP: 11/11 MP: 6/6
   408 | D:1      | Slain by a jackal

Illustrated notes

Levels and vault maps discovered:
D:1:      roderic_lyre, layout_rooms, minmay_statues_item

Action                   || total
-------------------------++-------
Melee: Unarmed           ||     8
       Bite              ||     3
 Cast: Summon Small Mamm ||    17
Armor: Skin              ||     2
Dodge: Dodged            ||    12

Table legend: (Time is in decaauts)
 A = Elapsed time spent in this place.
 B = Non-inter-level travel time spent in this place.
 C = Inter-level travel time spent in this place.
 D = Time resting spent in this place.
 E = Time spent auto-exploring this place.
 F = Levels seen in this place.
 G = Mean time per level.
                   A        B        C        D        E       F      G
               +--------+--------+--------+--------+--------+-----+--------+
         Total |    354 |    354 |      0 |      0 |    218 |   1 |  354.0 |
       Dungeon |    354 |    354 |      0 |      0 |    218 |   1 |  354.0 |
               +--------+--------+--------+--------+--------+-----+--------+

Top non-repeatable levels by time:
     D:1: 354 daAuts
